 Dungeon Crawl Stone Soup version 0.30.1-11-g7821555f0a (webtiles) character file.

Game seed: 7515646232870623072

33961 Anriel the Carver (level 14, -4/110 HPs)
             Began as a Human Gladiator on Jan 15, 2024.
             Was a High Priest of Okawaru.
             Slain by Jorgrun
             ... wielding a +0 heavy quarterstaff
              (38 damage)
             ... on level 13 of the Dungeon on Jan 17, 2024.
             The game lasted 01:26:59 (11982 turns).

Anriel the Carver (Human Gladiator)                Turns: 11982, Time: 01:26:59

Health: -4/110     AC: 27    Str: 12    XL:     14   Next: 10%
Magic:  21/21      EV:  5    Int:  8    God:    Okawaru [*****.]
Gold:   591        SH:  5    Dex: 19    Spells: 13/13 levels left

rFire   . . .        s - +8 great sword
rCold   . . .        (shield currently unavailable)
rNeg    . . .        d - +8 plate armour "Diget" {+Inv Fly rC- Str-4 SInv}
rPois   +            c - +0 helmet
rElec   .            (no cloak)
rCorr   .            K - +0 pair of gloves {hurl}
SInv    +            R - +1 pair of boots of Infinity {rPois Regen+}
Will    +++..        p - amulet "Imnu" {Reflect rC+ Will+ Regen+ SH+5} Stlth
                     f - ring of see invisible
HPRegen 1.98/turn    w - ring of willpower
MPRegen 0.17/turn

%: reflection
@: flying
A: no striking features
a: Renounce Religion, Evoke Invisibility, Heroism, Finesse, Duel


You were on level 13 of the Dungeon.
You worshipped Okawaru.
Okawaru was extremely pleased with you.
You visited 2 branches of the dungeon, and saw 15 of its levels.
You also visited: Gauntlet.

You collected 886 gold pieces.
You spent 295 gold pieces at shops.

Inventory:

Hand Weapons
 j - the +4 scimitar "Houw" {venom, +Blink Str+2}
   (You bought it in a shop on level 10 of the Dungeon)

   Str:       It affects your strength (+2).
   +Blink:    It lets you blink.
 m - the +7 staff of the Meek {protect, meekguard}
   (You found it on level 2 of the Dungeon)
 q - a +1 scimitar of protection
 s - a +8 great sword (weapon)
 G - a +5 scimitar of freezing
Missiles
 F - 12 javelins
 L - 6 boomerangs (quivered)
 S - 7 silver javelins
Armour
 c - a +0 helmet (worn)
 d - the +8 plate armour "Diget" (worn) {+Inv Fly rC- Str-4 SInv}
   (You took it off an orc warrior on level 12 of the Dungeon)

   Str:       It affects your strength (-4).
   rC:        It makes you vulnerable to cold.
   SInv:      It lets you see invisible.
   +Inv:      It lets you turn invisible.
   Fly:       It grants you flight.
 n - a +2 scale mail of cold resistance
 A - a +0 kite shield
 K - a +0 pair of gloves of hurling (worn)
 N - a scarf of harm
 R - the +1 pair of boots of Infinity (worn) {rPois Regen+}
   (You found it in a Gauntlet)

   rPois:     It protects you from poison.
   Regen:     It increases your rate of health regeneration.
 W - a +4 plate armour
 Z - the +1 troll leather armour of Howling Wind {Regen+ Str+5 Int+3}
   (You took it off an orc on level 12 of the Dungeon)

   Str:       It affects your strength (+5).
   Int:       It affects your intelligence (+3).
   Regen:     It increases your rate of health regeneration.
Magical Staves
 T - the staff of earth "Qyago" {Fragile rElec rN++}
   (You took it off a minotaur in a Gauntlet)

   [staff of earth]

   Base accuracy: +5 Base damage: 5 Base attack delay: 1.2 This weapon's minimum
   attack delay (0.6) is reached at skill level 12.
   rElec:     It insulates you from electricity.
   rN:        It greatly protects you from negative energy.
   Fragile:   It will be destroyed if unequipped.
   It falls into the 'Staves' category.
   It is a one-handed weapon.
 U - a staff of conjuration
Jewellery
 f - a ring of see invisible (left hand)
 i - a ring of wizardry
 p - the amulet "Imnu" (around neck) {Reflect rC+ Will+ Regen+ SH+5}
   (You found it on level 3 of the Dungeon)

   [amulet of reflection]

   It reflects blocked missile attacks.
   rC:        It protects you from cold.
   Regen:     It increases your rate of health regeneration.
   SH:        It affects your SH (+5).
   Will:      It increases your willpower.
 r - a +6 ring of intelligence
 w - a ring of willpower (right hand)
 O - the amulet of Zecak {rElec Regen+}
   (You found it in a Gauntlet)

   [amulet of regeneration]

   rElec:     It insulates you from electricity.
   Regen:     It increases your rate of health regeneration.
 Y - the amulet of Elemental Vulnerability {rPois rF-- rC-- AC+8}
   (You found it on level 12 of the Dungeon)

   [amulet of nothing]

   AC:        It affects your AC (+8).
   rF:        It makes you very vulnerable to fire.
   rC:        It makes you very vulnerable to cold.
   rPois:     It protects you from poison.
Wands
 b - a wand of mindburst (17)
 e - a wand of quicksilver (21)
 t - a wand of roots (27)
 y - a wand of paralysis (16)
 Q - a wand of flame (7)
Scrolls
 a - a scroll of fog
 l - a scroll of magic mapping
 u - a scroll of immolation
 x - a scroll of amnesia
 B - a scroll of enchant weapon
 C - 2 scrolls of teleportation
 V - a scroll of silence
 X - a scroll of fear
Potions
 g - 3 potions of ambrosia
 h - 4 potions of haste
 k - a potion of mutation
 o - 8 potions of curing
 v - 2 potions of berserk rage
 z - a potion of resistance
 H - 2 potions of invisibility
Miscellaneous
 J - a phial of floods


   Skills:
 - Level 10.0 Fighting
 * Level 11.3 Long Blades
 + Level 6.3 Throwing
 - Level 10.0 Armour
 - Level 5.0 Dodging
 - Level 5.0 Shields
 - Level 10.0 Invocations
 + Level 8.9 Evocations


You had 13 spell levels left.
You didn't know any spells.
Your spell library contained the following spells:

 Spells                   Type           Power      Damage    Failure   Level
 Dazzling Flash           Conj/Hex       0%         N/A       100%        3
 Portal Projectile        Hex/Tloc       0%         N/A       100%        3
 Volatile Blastmotes      Fire/Tloc      0%         2d10      100%        3
 Iskenderun's Mystic Bla  Conj/Tloc      0%         2d3       100%        4
 Leda's Liquefaction      Hex/Erth       0%         N/A       100%        4
 Agony                    Necr           0%         N/A       100%        5
 Blade Hands              Tmut           0%         N/A       100%        5
 Lee's Rapid Deconstruct  Erth           0%         3d4*      100%        5
 Silence                  Hex/Air        0%         N/A       100%        5
 Starburst                Conj/Fire      0%         6d3       100%        6
 Statue Form              Tmut/Erth      0%         N/A       100%        6
 Tukima's Dance           Hex            Unusable   N/A       N/A         3

Dungeon Overview and Level Annotations

Branches:
Dungeon (14/15)            Temple (1/1) D:6            Lair (0/5) D:8
    Orc (0/2) D:12         Vaults (0/5) D:13        Gauntlet (visited)

Altars:
Ashenzari
Cheibriados
Dithmenos
Elyvilon
Fedhas
Gozag
Hepliaklqana
Kikubaaqudgha
Makhleb
Nemelex Xobeh
Okawaru
Qazlal
Ru
Sif Muna
Trog
Uskayaw
Vehumet
Wu Jian
Xom
Yredelemnul
Zin
The Shining One

Shops:
D:6 (   D:10 (

Annotations:
D:13 Jorgrun


Message History

Jorgrun drinks a potion.
Jorgrun seems to grow stronger.
Press: ? - help, v - describe, . - travel A rock wall.
You block Jorgrun's attack.
You barely miss Jorgrun. Jorgrun barely misses you.
You closely miss Jorgrun. You slash Jorgrun!
Jorgrun is lightly wounded.
Jorgrun gestures at you while chanting.
The iron shot hits you but does no damage.
You slash Jorgrun!
Jorgrun is moderately wounded.
Jorgrun hits you with a +0 heavy quarterstaff.
You barely miss Jorgrun.
Jorgrun is lightly wounded.
Jorgrun points at you and mumbles some strange words.
The iron shot hits you!!!
You slash Jorgrun!
Jorgrun is moderately wounded.
You block Jorgrun's attack.
You slice Jorgrun!!
Jorgrun is heavily wounded.
Jorgrun gestures at you while chanting. You resist with almost no effort.
You slice Jorgrun!!
Jorgrun is severely wounded.
Jorgrun casts a spell at you. You resist with almost no effort.
You closely miss Jorgrun.
Jorgrun is severely wounded.
Jorgrun points at you and mumbles some strange words.
The iron shot hits you!!
You miss Jorgrun.
Jorgrun is severely wounded.
Jorgrun casts a spell next to you.
The wall shatters!
The blast of rock fragments hits you!!
* * * LOW HITPOINT WARNING * * *
You feel much better.
Jorgrun hits you with a +0 heavy quarterstaff!!!
You die...

#..#,*****
#.##
##.#,,,,,*
#...
#.#****,*
#### ♣.♣ *,*
###♣♣.♣♣###.*
#...........#
#.#♣♣.♣♣#####
###.# ♣.♣
#..@#*#.#
#.#.g...#
#.####### #,*
*,* ***


You could see Jorgrun (strong).

Vanquished Creatures
  Rupert (D:13)
  Nessos (D:13)
  A minotaur (Gauntlet)
  The ghost of GriffinBr the Severer, a journeyman MiBe of Trog (D:12)
  Josephine (D:12)
  8 vault guards (D:13)
  Erolcha (D:13)
  A catoblepas (Gauntlet)
  A centaur warrior (D:13)
  6 two-headed ogres
  2 tengu warriors (D:13)
  An orc knight (D:12)
  An obsidian statue (Gauntlet)
  Pikel (D:7)
  3 manticores
  3 ugly things
  2 cyclopes
  An unseen horror (D:12)
  5 gargoyles
  2 komodo dragons
  3 trolls
  3 hornets
  A raiju (Gauntlet)
  Sigmund (D:2)
  5 slime creatures (D:12)
  3 wraiths (D:12)
  2 shadows
  A vampire (D:12)
  A wyvern (D:9)
  10 yaks
  10 vampire mosquitoes
  3 steam dragons
  Menkaure (D:3)
  3 acid dragons
  12 orc warriors
  An ogre (D:6)
  A black bear (D:6)
  2 ice beasts
  6 centaurs
  A phantom (D:5)
  A kobold brigand (D:7)
  4 bullfrogs
  2 scorpions
  14 wights
  10 killer bees (D:8)
  3 electric eels
  2 howler monkeys
  7 orc priests
  6 jellies
  2 hounds
  2 iguanas
  8 orc wizards
  A hound zombie (D:3)
  7 gnolls
  5 adders
  A worm (D:3)
  A dart slug (D:3)
  56 orcs
  4 ball pythons
  2 bats (D:1)
  16 endoplasms
  2 giant cockroaches
  7 goblins
  4 hobgoblins
  3 jackals (D:2)
  3 quokkas
  2 frilled lizards (D:2)
  A jackal skeleton (D:3)
  25 kobolds
  A quokka zombie (D:3)
  4 rats
319 creatures vanquished.

Vanquished Creatures (others)
  A manticore (D:13)
1 creature vanquished.

Grand Total: 320 creatures vanquished

Notes
Turn   | Place    | Note
-------+----------+-------------------------------------------
     0 | D:1      | Anriel the Human Gladiator began the quest for the Orb.
     0 | D:1      | Reached XP level 1. HP: 16/16 MP: 1/1
   135 | D:1      | Reached XP level 2. HP: 22/22 MP: 2/2
   263 | D:1      | Reached skill level 1 in Armour
   613 | D:1      | Found a faded altar of an unknown god.
   906 | D:2      | Reached XP level 3. HP: 27/27 MP: 3/3
  1140 | D:2      | Found the +7 staff of the Meek {protect, meekguard}
  1142 | D:2      | Noticed Sigmund
  1282 | D:2      | Killed Sigmund
  1283 | D:2      | Reached skill level 4 in Long Blades
  1283 | D:2      | Reached XP level 4. HP: 32/35 MP: 4/4
  1283 | D:2      | Reached XP level 5. HP: 37/41 MP: 5/5
  1437 | D:2      | Reached XP level 6. HP: 43/47 MP: 6/6
  1914 | D:3      | Identified the amulet "Imnu" {Reflect rC+ Will+ Regen+
                  | SH+5}
  2130 | D:3      | Found a basalt altar of Yredelemnul.
  2131 | D:3      | Found an ancient bone altar of Kikubaaqudgha.
  2131 | D:3      | Noticed Menkaure
  2143 | D:3      | Found a transporter.
  2145 | D:3      | Found a transporter.
  2424 | D:3      | Killed Menkaure
  2425 | D:3      | Reached skill level 5 in Long Blades
  2425 | D:3      | Reached XP level 7. HP: 40/52 MP: 7/7
  2883 | D:4      | Found a large runed translucent door.
  2884 | D:4      | Found a large runed translucent door.
  3176 | D:4      | Found a white marble altar of Elyvilon.
  3182 | D:4      | Found a stormy altar of Qazlal.
  3202 | D:5      | Entered Level 5 of the Dungeon
  3896 | D:5      | Reached XP level 8. HP: 57/58 MP: 8/8
  4050 | D:6      | Reached skill level 5 in Throwing
  4050 | D:6      | Reached skill level 5 in Armour
  4050 | D:6      | Reached skill level 5 in Dodging
  4067 | D:6      | Found a staircase to the Ecumenical Temple.
  4106 | D:5      | Reached skill level 1 in Shields
  4106 | D:5      | Reached skill level 1 in Evocations
  4283 | D:6      | Found Omooskox's Weapon Shop.
  4289 | Temple   | Entered the Ecumenical Temple
  4302 | Temple   | Became a worshipper of Warmaster Okawaru
  4407 | D:6      | Reached XP level 9. HP: 64/64 MP: 9/9
  4407 | D:6      | Bought a +0 scimitar for 52 gold pieces
  4794 | D:7      | Noticed Pikel
  4813 | D:7      | Killed Pikel
  5000 | D:7      | Found a shimmering blue altar of Sif Muna.
  5165 | D:7      | Reached * piety under Okawaru
  5215 | D:7      | Reached skill level 5 in Shields
  5217 | D:7      | Reached skill level 5 in Evocations
  5218 | D:7      | Reached skill level 5 in Fighting
  5218 | D:7      | Reached skill level 1 in Invocations
  5497 | D:8      | Reached XP level 10. HP: 74/74 MP: 12/12
  5581 | D:8      | Reached ** piety under Okawaru
  5667 | D:8      | Found a staircase to the Lair.
  5760 | D:8      | Reached skill level 5 in Invocations
  5948 | D:8      | Found a glowing golden altar of the Shining One.
  6004 | D:8      | Paralysed by a hornet for 2 turns
  6011 | D:8      | Reached skill level 6 in Long Blades
  6365 | D:9      | Found a hide-covered altar of Uskayaw.
  6433 | D:9      | Reached *** piety under Okawaru
  6699 | D:9      | Found a sacrificial altar of Ru.
  7140 | D:10     | Entered Level 10 of the Dungeon
  7187 | D:10     | Reached skill level 7 in Long Blades
  7255 | D:10     | Found Pujoren's Antique Weapon Boutique.
  7258 | D:10     | Bought an ichor-stained scimitar for 243 gold pieces
  7258 | D:10     | Identified the +4 scimitar "Houw" {venom, +Blink Str+2}
                  | (You bought it in a shop on level 10 of the Dungeon)
  7261 | D:10     | Noticed a two-headed ogre
  7267 | D:10     | Killed a two-headed ogre
  7268 | D:10     | Reached XP level 11. HP: 49/81 MP: 14/14
  7277 | D:10     | Paralysed by a hornet for 2 turns
  7282 | D:10     | Paralysed by a hornet for 3 turns
  7284 | D:10     | HP: 2/81 [hornet (7)]
  7306 | D:10     | Noticed a two-headed ogre
  7318 | D:10     | Killed a two-headed ogre
  7318 | D:10     | Received a gift from Okawaru
  7319 | D:10     | Reached skill level 8 in Long Blades
  7723 | D:10     | Reached **** piety under Okawaru
  8207 | D:11     | Noticed a manticore
  8210 | D:11     | You fall into a shaft and drop 3 floors!
  8255 | D:13     | Noticed Nessos
  8271 | D:13     | Received a gift from Okawaru
  8277 | D:13     | Killed Nessos
  8277 | D:13     | Received a gift from Okawaru
  8278 | D:13     | Reached skill level 9 in Long Blades
  8375 | D:13     | Found a gate leading to a gauntlet.
  8380 | Gauntlet | Entered a Gauntlet
  8380 | Gauntlet | Found a transporter.
  8380 | Gauntlet | Found a runed translucent door.
  8381 | Gauntlet | Found a runed translucent door.
  8383 | Gauntlet | Found a transporter.
  8383 | Gauntlet | Noticed a catoblepas
  8385 | Gauntlet | Found a transporter.
  8393 | Gauntlet | Found a transporter.
  8395 | Gauntlet | Found a transporter.
  8399 | Gauntlet | Found a runed translucent door.
  8402 | Gauntlet | Found a runed translucent door.
  8405 | Gauntlet | Found a transporter.
  8425 | Gauntlet | Noticed a spectral death yak
  8426 | Gauntlet | Noticed a death scarab
  8428 | Gauntlet | Found a transporter.
  8430 | Gauntlet | Noticed a death scarab
  8433 | Gauntlet | Found a transporter.
  8450 | Gauntlet | Noticed an elephant
  8452 | Gauntlet | Noticed an elephant
  8453 | Gauntlet | Found a transporter.
  8455 | Gauntlet | Noticed an elephant
  8457 | Gauntlet | Found a transporter.
  8457 | Gauntlet | Noticed a dire elephant
  8480 | Gauntlet | Found a transporter.
  8488 | Gauntlet | Found a transporter.
  8505 | Gauntlet | Noticed an obsidian statue
  8508 | Gauntlet | Found a transporter.
  8516 | Gauntlet | Found a transporter.
  8910 | Gauntlet | Killed a catoblepas
  8941 | Gauntlet | Reached XP level 12. HP: 53/91 MP: 15/15
  9108 | Gauntlet | Identified the amulet of Zecak {rElec Regen+}
  9132 | Gauntlet | Received a gift from Okawaru
  9138 | Gauntlet | Identified the +1 pair of boots of Infinity {rPois Regen+}
  9164 | Gauntlet | Identified the staff of earth "Qyago" {Fragile rElec rN++}
  9164 | Gauntlet | Noticed a minotaur
  9173 | Gauntlet | Killed a minotaur
  9174 | Gauntlet | Reached skill level 10 in Long Blades
  9174 | Gauntlet | Reached skill level 10 in Armour
  9834 | D:11     | Noticed a two-headed ogre
  9841 | D:11     | Killed a two-headed ogre
 10442 | D:12     | Noticed a two-headed ogre
 10452 | D:12     | Killed a two-headed ogre
 10452 | D:12     | Received a gift from Okawaru
 10493 | D:12     | Reached ***** piety under Okawaru
 10640 | D:12     | Found a staircase to the Orcish Mines.
 10930 | D:12     | Reached XP level 13. HP: 83/100 MP: 19/19
 10932 | D:12     | Found a runed translucent gate.
 10932 | D:12     | Noticed GriffinBr's ghost (journeyman MiBe)
 10940 | D:12     | Identified the +8 plate armour "Diget" {+Inv Fly rC- Str-4
                  | SInv}
 10940 | D:12     | Found a runed translucent gate.
 10942 | D:12     | Noticed Josephine
 10956 | D:12     | Killed Josephine
 10995 | D:12     | Identified the +1 troll leather armour of Howling Wind
                  | {Regen+ Str+5 Int+3}
 10996 | D:12     | Found a runed translucent gate.
 11125 | D:12     | Found the amulet of Elemental Vulnerability {rPois rF--
                  | rC-- AC+8}
 11134 | D:12     | Received a gift from Okawaru
 11308 | D:12     | Killed GriffinBr's ghost
 11427 | D:13     | Received a gift from Okawaru
 11429 | D:13     | Noticed a vault guard
 11433 | D:13     | Noticed a vault guard
 11437 | D:13     | Killed a vault guard
 11437 | D:13     | Noticed a vault guard
 11441 | D:13     | Noticed a vault guard
 11448 | D:13     | Noticed a vault guard
 11452 | D:13     | Noticed a vault guard
 11455 | D:13     | Killed a vault guard
 11455 | D:13     | Received a gift from Okawaru
 11456 | D:13     | Reached skill level 10 in Invocations
 11463 | D:13     | Noticed a vault guard
 11466 | D:13     | Noticed a centaur warrior
 11468 | D:13     | Noticed a vault guard
 11611 | D:13     | Killed a centaur warrior
 11612 | D:13     | Reached skill level 10 in Fighting
 11619 | D:13     | Killed a vault guard
 11623 | D:13     | Killed a vault guard
 11631 | D:13     | Killed a vault guard
 11639 | D:13     | Killed a vault guard
 11639 | D:13     | Received a gift from Okawaru
 11658 | D:13     | Killed a vault guard
 11680 | D:13     | Killed a vault guard
 11684 | D:13     | Noticed Erolcha
 11749 | D:13     | Killed Erolcha
 11750 | D:13     | Reached skill level 11 in Long Blades
 11766 | D:13     | Reached XP level 14. HP: 110/110 MP: 16/21
 11774 | D:13     | Noticed Rupert
 11782 | D:13     | Killed Rupert
 11801 | D:13     | Found a gate to the Vaults.
 11969 | D:13     | Noticed Jorgrun
 11982 | D:13     | Slain by Jorgrun

Illustrated notes

Levels and vault maps discovered:
D:1:      lightli_arrival_farm, layout_basic, shapermc_ecumenical_altar_petra,
          feat_on_display
D:2:      layout_basic, nicolae_figureground_sparkle, uniq_sigmund
D:3:      layout_loops_cross, gammafunk_temple_of_torment, serial_bayou_lake_a
D:4:      cheibrodos_fertilizer, layout_cave_pools, jmf_multi_god_temple2,
          amethyst_killhole, minmay_fountain_box
D:5:      layout_cave_pods
D:6:      layout_basic, minmay_temple_entry_proselytizer, serial_shops,
          nicolae_shop_bloodbath_and_beyond, dk_noncrumbling_2,
          kennysheep_generic_room_7
D:7:      layout_basic, kennysheep_orc_sif_temple, uniq_menkaure, uniq_pikel
D:8:      layout_basic, tso_metal_star
D:9:      layout_basic, nicolae_ru_path_of_blood, mainiacjoe_overflow_catwalk
D:10:     layout_long_grid, serial_shops, nicolae_shop_stone,
          hangedman_decor_growths, minivault_24
D:11:     layout_basic, grunt_decor_resistance, small_statue_intersection
D:12:     layout_long_grid, david_orc_5, biasface_ghost_orc_armoury,
          minmay_holes, chequers_jeans, uniq_josephine
D:13:     layout_basic, erik_vaults_2, gauntlet_entry_generic,
          dreamdust_wishing_well, minmay_tree_intersection, uniq_jorgrun,
          uniq_rupert, uniq_nessos, uniq_erolcha
D:14:     layout_basic, serial_shops, shop, ebering_ghost_funeral_grove,
          minmay_misc_feat_roman
Temple:   eino_temple_lava

Skill      XL: |  1  2  3  4  5  6  7  8  9 10 11 12 13 |
---------------+----------------------------------------+-----
Armour         | 1 3 4 5 7 9 10 | 10.0
Fighting       | 3 5 6 7 8 10 | 10.0
Long Blades    | 4 5 7 9 10 11 | 11.3
Throwing       | 4 5 6 |  6.3
Dodging        | 4 5 |  5.0
Shields        | 2 5 |  5.0
Evocations     | 2 5 6 8 |  8.9
Invocations    | 3 5 8 10 | 10.0

Action                     |  1- 3 |  4- 6 |  7- 9 | 10-12 | 13-15 || total
---------------------------+-------+-------+-------+-------+-------++-------
  Melee: Long sword        |    58 |   104 |   177 |       |       ||   339
         Punch             |     2 |     5 |     4 |     4 |       ||    15
         Scimitar          |       |       |   110 |   225 |       ||   335
         Great sword       |       |       |       |   199 |   225 ||   424
  Throw: Javelin           |     3 |     4 |    42 |    47 |    11 ||   107
         Throwing net      |     3 |     1 |     1 |       |       ||     5
         Boomerang         |       |     1 |    22 |    47 |    24 ||    94
 Invoke: Heroism           |       |       |       |     4 |     4 ||     8
         Finesse           |       |       |       |     1 |     4 ||     5
  Evoke: Wand              |       |       |     1 |    13 |       ||    14
         Phial of floods   |       |       |       |       |     1 ||     1
    Use: Scroll            |     2 |     5 |     9 |    13 |     3 ||    32
         Potion            |       |       |     1 |     7 |     9 ||    17
   Stab: Held in net/web   |     1 |       |     2 |       |       ||     3
         Paralysed         |       |       |       |    23 |       ||    23
 Armour: Leather armour    |     2 |       |       |       |       ||     2
         Ring mail         |    14 |     7 |       |       |       ||    21
         Scale mail        |       |    55 |    29 |       |       ||    84
         Chain mail        |       |       |   127 |    14 |       ||   141
         Plate armour      |       |       |       |   282 |   191 ||   473
  Dodge: Dodged            |    20 |    49 |   125 |   158 |    67 ||   419
  Block: Other             |       |    18 |    77 |   120 |    52 ||   267
         Reflection        |       |       |     1 |     3 |     5 ||     9
